 Dungeon Crawl Stone Soup version 0.27-a0-1181-g5f64966fcc (webtiles) character file.

Game seed: 11831554823076230711

247 voltaire321 the Chopper (level 5, -5/46 HPs)
             Began as a Minotaur Gladiator on May 17, 2021.
             Slain by Grinder (8 damage)
             ... on level 3 of the Dungeon.
             The game lasted 00:04:24 (2265 turns).

voltaire321 the Chopper (Minotaur Gladiator)        Turns: 2265, Time: 00:04:25

Health: -5/46      AC: 11    Str: 19    XL:     5   Next: 85%
Magic:  4/4        EV:  6    Int:  6    God:
Gold:   102        SH:  3    Dex: 11    Spells: 4/4 levels left

rFire    . . .     SeeInvis .   a - +0 war axe
rCold    . . .     Faith    .   h - +0 buckler
rNeg     . . .     Spirit   .   e - +0 plate armour
rPois    .         Reflect  .   c - +0 hat
rElec    .         Harm     .   (no cloak)
rCorr    .         Rampage  .   (no gloves)
Will     .....                  (no boots)
Stlth    ..........             (no amulet)
HPRegen  0.15/turn              (no ring)
MPRegen  0.09/turn              (no ring)

@: no status effects
A: horns 2, retaliatory headbutt
a: no special abilities


You were on level 3 of the Dungeon.
You visited 1 branch of the dungeon, and saw 3 of its levels.

You collected 102 gold pieces.

Inventory:

Hand Weapons
 a - a +0 war axe (weapon)
Missiles
 d - 3 throwing nets (quivered)
 i - 5 boomerangs
 l - 6 atropa-tipped darts
Armour
 c - a +0 hat (worn)
 e - a +0 plate armour (worn)
 h - a +0 buckler (worn)
Wands
 j - a wand of charming (10)
Scrolls
 g - a scroll of enchant armour {unknown}
 n - a scroll of teleportation {unknown}
Potions
 b - a potion of might {unknown}
 f - 2 potions of mutation {unknown}
 k - a potion of curing {unknown}
 m - 2 potions of brilliance {unknown}
 o - 2 potions of heal wounds {unknown}


   Skills:
 + Level 3.9 Fighting
 + Level 4.8 Axes
 + Level 3.2 Throwing
 + Level 2.8 Armour
 + Level 4.3 Dodging


You had 4 spell levels left.
You didn't know any spells.
Your spell library was empty.

Dungeon Overview and Level Annotations

Branches:
Dungeon (3/15)

Altars:
Elyvilon

Annotations:
D:3 Grinder


Innate Abilities, Weirdness & Mutations

You have a pair of horns on your head.
You reflexively headbutt those who attack you in melee.


Message History

Grinder comes into view.
Grinder shouts!
Grinder hits you.
You writhe in agony.
You slash Grinder! Your headbutt misses Grinder.
Grinder is lightly wounded.
Grinder hits you!
Your plate armour prevents you from hitting Grinder.
Grinder is lightly wounded.
Grinder barely misses you. Grinder gestures at you.
You resist with significant effort.
You hit Grinder.
Grinder is moderately wounded.
Grinder closely misses you.
You slash Grinder! You headbutt Grinder.
Grinder is severely wounded.
Grinder hits you but does no damage.
You barely miss Grinder. You headbutt Grinder.
Grinder is severely wounded.
Grinder says, "Just stop there for a second..."
Grinder hits you.
You writhe in agony.
Grinder hits you.
You writhe in agony.
You hit Grinder.
Grinder is severely wounded.
Grinder hits you but does no damage.
You slash Grinder! Your headbutt misses Grinder.
Grinder is almost dead.
Grinder gestures at you. Pain shoots through your body!
* * * LOW HITPOINT WARNING * * *
You closely miss Grinder.
Grinder is almost dead.
Grinder hits you.
* * * LOW HITPOINT WARNING * * *
You writhe in agony.
* * * LOW HITPOINT WARNING * * *
Grinder hits you but does no damage.
You barely miss Grinder.
Grinder is almost dead.
Grinder hits you!
You die...

.###.#....#.#
#.#.#.....#
.####
##.###....#
... >.##
##.#... ...
#.# #.#####
... #.# #.#
#.# #.# #+#
#.# #.# #5#
#.# #@######
#.# #......#
#.#
####...##.#
..+
+.......#.#
###
####......#
#..##..#
#.###..#
#.###..# #+#
#......#


You could see Grinder.

Vanquished Creatures
  Sigmund (D:2)
  A killer bee zombie (D:3)
  An adder (D:2)
  4 dart slugs
  4 orcs (D:3)
  5 endoplasms (D:1)
  2 giant cockroaches (D:1)
  8 goblins
  5 hobgoblins
  5 jackals
  3 kobolds
  3 quokkas (D:1)
  4 ball pythons (D:1)
  5 bats
  5 frilled lizards
  A rat (D:1)
57 creatures vanquished.

Notes
Turn   | Place    | Note
-------+----------+-------------------------------------------
     0 | D:1      | voltaire321 the Minotaur Gladiator began the quest for the
                  | Orb.
     0 | D:1      | Reached XP level 1. HP: 18/18 MP: 0/0
    17 | D:1      | Found a white marble altar of Elyvilon.
   202 | D:1      | Reached XP level 2. HP: 25/25 MP: 1/1
   303 | D:1      | Reached skill level 1 in Armour
   346 | D:1      | Found a faded altar of an unknown god.
   481 | D:1      | Reached XP level 3. HP: 30/30 MP: 2/2
   908 | D:2      | Noticed Sigmund
  1654 | D:2      | Killed Sigmund
  1655 | D:2      | Reached XP level 4. HP: 16/40 MP: 3/3
  1655 | D:2      | Reached XP level 5. HP: 18/46 MP: 4/4
  2251 | D:3      | Noticed Grinder
  2265 | D:3      | Slain by Grinder

Illustrated notes

Levels and vault maps discovered:
D:1:      dpeg_arrival_water_altar, layout_rooms,
          hellmonk_ecumenical_altar_crossroads, kennysheep_flooded_box
D:2:      layout_loops_ring, uniq_sigmund
D:3:      layout_loops_corners, zin_purify, uniq_grinder

Skill      XL: |  1  2  3 |
---------------+----------+-----
Armour         | 1 2 |  2.8
Axes           | 4 |  4.8
Fighting       | 3 |  3.9
Throwing       | 3 |  3.2
Dodging        | 4 |  4.3

Action                   |  1- 3 |  4- 6 || total
-------------------------+-------+-------++-------
Melee: War axe           |    97 |    35 ||   132
       Headbutt          |    15 |     8 ||    23
Armor: Ring mail         |     2 |       ||     2
       Plate armour      |    60 |    14 ||    74
Dodge: Dodged            |    34 |    13 ||    47
Block: Buckler           |     4 |     4 ||     8

Table legend: (Time is in decaauts)
 A = Elapsed time spent in this place.
 B = Non-inter-level travel time spent in this place.
 C = Inter-level travel time spent in this place.
 D = Time resting spent in this place.
 E = Time spent auto-exploring this place.
 F = Levels seen in this place.
 G = Mean time per level.
                   A        B        C        D        E       F      G
               +--------+--------+--------+--------+--------+-----+--------+
         Total |   2314 |   2205 |    109 |    346 |   1400 |   3 |  771.3 |
       Dungeon |   2314 |   2205 |    109 |    346 |   1400 |   3 |  771.3 |
               +--------+--------+--------+--------+--------+-----+--------+

Top non-repeatable levels by time:
     D:2: 949 daAuts
     D:1: 935 daAuts
     D:3: 429 daAuts
